 Dungeon Crawl Stone Soup version 0.29-a0-284-gf9362112df (webtiles) character file.

Game seed: 11819766484966822849

261 sammy202020 the Skirmisher (level 5, -1/44 HPs)
             Began as a Palentonga Fighter on Mar 21, 2022.
             Slain by a gnoll
             ... wielding a +0 halberd of distortion
              (5 damage)
             ... on level 5 of the Dungeon.
             The game lasted 00:06:08 (3271 turns).

sammy202020 the Skirmisher (Palentonga Fighter)     Turns: 3271, Time: 00:06:08

Health: -1/44      AC: 16    Str: 19    XL:     5   Next: 96%
Magic:  5/5        EV:  7    Int: 10    God:
Gold:   186        SH:  4    Dex: 10    Spells: 4/4 levels left

rFire   + . .      SeeInvis +   a - +0 war axe (protect)
rCold   . . .      Faith    .   c - +0 buckler
rNeg    . . .      Spirit   .   b - +0 scale mail
rPois   +          Reflect  .   e - +1 helmet
rElec   .          Harm     .   (no cloak)
rCorr   .          Rampage  .   (no gloves)
Will    .....                   (no barding)
Stlth   ..........              (no amulet)
HPRegen 0.14/turn               l - ring of protection from fire
MPRegen 0.09/turn               u - ring of poison resistance

@: mighty, under a protective aura
A: large, rugged brown scales 3, see invisible, deformed body, roll 1, armoured
tail
a: Rolling Charge


You were on level 5 of the Dungeon.
You visited 1 branch of the dungeon, and saw 5 of its levels.
You visited the Abyss 1 time.

You collected 186 gold pieces.

Inventory:

Hand Weapons
 a - a +0 war axe of protection (weapon)
Armour
 b - a +0 scale mail (worn)
 c - a +0 buckler (worn)
 e - a +1 helmet (worn)
Jewellery
 l - a ring of protection from fire (left hand)
 p - a ring of ice
 u - a ring of poison resistance (right hand)
Wands
 t - a wand of charming (9)
Scrolls
 g - 5 scrolls of teleportation
 h - 2 scrolls of magic mapping
Potions
 d - a potion of might
 i - 2 potions of brilliance
 k - a potion of mutation
 r - 2 potions of curing


   Skills:
 * Level 4.1 Fighting
 * Level 3.5 Axes
 * Level 3.2 Armour
 + Level 1.3 Dodging
 * Level 3.2 Shields


You had 4 spell levels left.
You didn't know any spells.
Your spell library was empty.

Dungeon Overview and Level Annotations

Branches:
Dungeon (5/15)
 Temple: D:4-7

Altars:

Shops:
D:3 =   D:4 ([?=


Innate Abilities, Weirdness & Mutations

You are completely covered in rugged brown scales. (AC +3, +7% HP)
You have supernaturally acute eyesight. (SInv)
Armour fits poorly on your strangely shaped body.
You can roll at nearby foes to attack.
You have a long armoured tail.


Message History

The gnoll is severely wounded.
You closely miss the jackal. You barely miss the gnoll.
The jackal barely misses you. The gnoll hits you but does no damage.
The gnoll barely misses you. The gnoll hits you but does no damage.
The jackal bites you but does no damage.
You closely miss the gnoll.
The gnoll is severely wounded.
You closely miss the hound. You closely miss the jackal. You hit the gnoll.
A killer bee comes into view.
The hound bites you but does no damage.
The jackal bites you but does no damage.
The gnoll hits you but does no damage. x2; Space warps horribly around you!!
Ouch! That really hurt!
The gnoll hits you but does no damage. The hound barely misses you.
The hound bites you but does no damage. The jackal barely misses you.
The jackal bites you.
The killer bee buzzes angrily.
You slice the hound!!
You kill the hound!
You slash the jackal!
You kill the jackal!
You hit the hound. You completely miss the gnoll. You slash the gnoll!
You kill the gnoll!
You slash the jackal!
You kill the jackal!
The hound closely misses you.
The gnoll hits you from afar with a +0 halberd of distortion.
Space warps horribly around you!
* * * LOW HITPOINT WARNING * * *
The gnoll hits you with a +0 club.
* * * LOW HITPOINT WARNING * * *
The hound closely misses you. The gnoll barely misses you.
The gnoll hits you but does no damage.
Unknown command.
The hound attacks as you move away! You block the hound's attack.
Found an escape hatch in the floor.
A killer bee comes into view.
You block the hound's attack.
The gnoll hits you with a +0 halberd of distortion.
You die...

.. .> .######.#
##.....#.###
.##..........##
...............
##.............
.......g.....#
#.....@†....#
#....)hg..##..
##...w.y.##
#.....<...#
#......[..#
..............w
..............#
.#.........y###
............#


You could see a hound, 2 killer bees, 2 gnolls and a dart slug.

Vanquished Creatures
  A small abomination (Abyss:1)
  A scorpion (D:4)
  A hound (D:5)
  Robin (D:3)
  3 adders (D:2)
  2 gnolls (D:5)
  A worm (D:2)
  3 dart slugs (D:3)
  An orc (D:5)
  6 ball pythons
  6 bats
  10 endoplasms
  2 giant cockroaches
  17 goblins
  8 hobgoblins
  15 jackals
  6 kobolds
  5 quokkas
  A frilled lizard (D:2)
  4 rats
94 creatures vanquished.

Notes
Turn   | Place    | Note
-------+----------+-------------------------------------------
     0 | D:1      | sammy202020 the Palentonga Fighter began the quest for the
                  | Orb.
     0 | D:1      | Reached XP level 1. HP: 19/19 MP: 1/1
    50 | D:1      | Reached XP level 2. HP: 20/25 MP: 2/2
   598 | D:2      | Reached XP level 3. HP: 22/31 MP: 3/3
  1321 | D:2      | Reached XP level 4. HP: 37/37 MP: 4/4
  1731 | D:3      | Identified the +0 leather armour of Good Intentions
                  | {+Blink}
  1766 | D:3      | Found Fobb's Jewellery Boutique.
  1802 | D:3      | Found a faded altar of an unknown god.
  1970 | D:3      | Noticed Robin
  1982 | D:3      | Killed Robin
  2301 | D:4      | Noticed a scorpion
  2303 | D:4      | Killed a scorpion
  2304 | D:4      | Reached skill level 1 in Dodging
  2304 | D:4      | Reached XP level 5. HP: 44/44 MP: 5/5
  2360 | D:4      | Found Atsesuv's Jewellery Shop.
  2387 | D:4      | Reached skill level 4 in Fighting
  2571 | D:4      | Found Lepsadewk's Armour Emporium.
  2584 | D:4      | Found Ykeli's Antique Weapon Shoppe.
  2699 | D:4      | Found Cayres's Magic Scroll Shoppe.
  3215 | D:5      | Entered Level 5 of the Dungeon
  3221 | D:5      | Cast into level 1 of the Abyss (gnoll)
  3255 | Abyss:1  | Noticed a small abomination
  3257 | Abyss:1  | Killed a small abomination
  3264 | D:5      | Escaped the Abyss
  3271 | D:5      | Slain by a gnoll

Illustrated notes

Levels and vault maps discovered:
D:1:      dpeg_arrival_long_road, layout_rooms, minivault_26,
          lemuel_flame_loot_1
D:2:      layout_basic, kennysheep_generic_room_16
D:3:      layout_loops_ring, serial_shops, shop_fountains,
          ebering_ecumenical_altar_petrified, uniq_robin
D:4:      layout_gridville, serial_shops, nicolae_stop_n_shop_2, shop, shop,
          shop
D:5:      lemuel_castle_with_subvaults [lemuel_castle_interior_carwin_3],
          layout_rooms, elyvilon_altar_5, ebering_ghost_sewer_d, uniq_sigmund

Skill      XL: |  1  2  3  4  5 |
---------------+----------------+-----
Axes           | 3 |  3.5
Shields        | 3 |  3.2
Armour         | 3 |  3.2
Dodging        | 1 |  1.3
Fighting       | 4 |  4.1

Action                   |  1- 3 |  4- 6 || total
-------------------------+-------+-------++-------
Melee: War axe           |   113 |   117 ||   230
       Tailslap          |     4 |     8 ||    12
 Abil: Rolling Charge    |     3 |    15 ||    18
  Use: Potion            |       |     4 ||     4
       Scroll            |       |    11 ||    11
Armor: Scale mail        |    70 |    63 ||   133
       Skin              |       |    14 ||    14
Dodge: Dodged            |    58 |    36 ||    94
Block: Buckler           |    29 |    28 ||    57

Table legend: (Time is in decaauts)
 A = Elapsed time spent in this place.
 B = Non-inter-level travel time spent in this place.
 C = Inter-level travel time spent in this place.
 D = Time resting spent in this place.
 E = Time spent auto-exploring this place.
 F = Levels seen in this place.
 G = Mean time per level.
                   A        B        C        D        E       F      G
               +--------+--------+--------+--------+--------+-----+--------+
         Total |   3340 |   3340 |      0 |     13 |   2678 |   6 |  556.7 |
       Dungeon |   3296 |   3296 |      0 |     13 |   2645 |   5 |  659.2 |
         Abyss |     44 |     44 |      0 |      0 |     33 |   1 |   44.0 |
               +--------+--------+--------+--------+--------+-----+--------+

Top non-repeatable levels by time:
     D:2: 1023 daAuts
     D:4: 930 daAuts
     D:3: 796 daAuts
     D:1: 528 daAuts
 Abyss:1: 44 daAuts
     D:5: 16 daAuts
